 Dungeon Crawl Stone Soup version 0.28.0-45-g0d030f2227 (webtiles) character file.

Game seed: 5109944326322736597

62 selver the Shooter (level 3, -1/30 HPs)
             Began as a Minotaur Hunter on Apr 14, 2022.
             Succumbed to an adder's poison
             ... on level 3 of the Dungeon.
             The game lasted 00:05:11 (1806 turns).

selver the Shooter (Minotaur Hunter)                Turns: 1806, Time: 00:05:11

Health: -1/30      AC:  3    Str: 18    XL:     3   Next: 85%
Magic:  2/2        EV: 11    Int:  8    God:
Gold:   33         SH:  0    Dex: 10    Spells: 2/2 levels left

rFire   . . .      SeeInvis .   b - +0 short sword
rCold   . . .      Faith    .   (no shield)
rNeg    . . .      Spirit   .   c - +0 leather armour
rPois   .          Reflect  .   (helmet restricted)
rElec   .          Harm     .   (no cloak)
rCorr   +          Rampage  .   (no gloves)
Will    .....                   (no boots)
Stlth   +.........              (no amulet)
HPRegen 0.10/turn               i - ring of resist corrosion
MPRegen 0.08/turn               (no ring)

@: lethally poisoned (-1 -> -9), hasted, very quick
A: horns 2, retaliatory headbutt
a: no special abilities


You were on level 3 of the Dungeon.
You visited 1 branch of the dungeon, and saw 3 of its levels.

You collected 79 gold pieces.
You spent 46 gold pieces at shops.

Inventory:

Hand Weapons
 a - a +1 shortbow
 b - a +0 short sword (weapon)
Missiles
 d - 10 arrows
Armour
 c - a +0 leather armour (worn)
 h - a +0 plate armour
 n - a +0 chain mail
Jewellery
 i - a ring of resist corrosion (left hand)
Scrolls
 j - a scroll of noise {unknown}
 k - 2 scrolls of enchant armour {unknown}
 l - a scroll of identify
 m - a scroll of enchant weapon {unknown}
Potions
 e - a potion of haste
 g - 3 potions of magic


   Skills:
 - Level 2.4 Fighting
 + Level 6.1 Bows
 - Level 2.1 Dodging
 - Level 0.7 Stealth


You had 2 spell levels left.
You didn't know any spells.
Your spell library contained the following spells:

 Spells                   Type           Power      Damage    Failure   Level
 Scorch                   Fire           0%         2d5       61%         2
 Flame Wave               Conj/Fire      0%         2d4       99%         4
 Summon Cactus Giant      Summ           0%         N/A       100%        6


Dungeon Overview and Level Annotations

Branches:
Dungeon (3/15)

Altars:
Sif Muna

Shops:
D:1 ?*


Innate Abilities, Weirdness & Mutations

You have a pair of horns on your head.
You reflexively headbutt those who attack you in melee.


Message History

You are lethally poisoned!
The adder poisons you!
* * * LOW HITPOINT WARNING * * *
You feel sick.
* * * LOW HITPOINT WARNING * * *
You feel sick.
* * * LOW HITPOINT WARNING * * *
You feel sick.
* * * LOW HITPOINT WARNING * * *
You feel sick.
* * * LOW HITPOINT WARNING * * *
You feel sick.
It was a potion of curing.
You feel better.
You hit the adder. Your headbutt misses the adder.
The adder is heavily wounded.
The adder closely misses you. You furiously retaliate!
You headbutt the adder! You closely miss the adder.
Your headbutt misses the adder.
The adder is almost dead.
The adder closely misses you.
You hit the adder but do no damage.
The adder is almost dead.
The adder bites you.
* * * LOW HITPOINT WARNING * * *
You are lethally poisoned!
The adder poisons you!
You barely miss the adder.
The adder is almost dead.
* * * LOW HITPOINT WARNING * * *
You feel sick. The adder bites you.
* * * LOW HITPOINT WARNING * * *
You are more poisoned.
The adder poisons you!
You closely miss the adder. Your headbutt misses the adder.
The adder is almost dead.
* * * LOW HITPOINT WARNING * * *
You feel sick. The adder bites you.
* * * LOW HITPOINT WARNING * * *
You closely miss the adder.
The adder is almost dead.
You die...

# #############
#.##...†.......#
#.....########.#
####<#########.#
#...........@#
#.#########.S#
......(...#..###.#
........†#........#
#.#.#####(###.......#
#(#. #.# #..###..#
#.#. #.# #.#.. .# ...
..#.## . (.. .##.#


You could see an adder.

Vanquished Creatures
  2 adders
  A dart slug (D:1)
  4 bats
  3 endoplasms
  2 giant cockroaches
  5 goblins
  5 hobgoblins
  4 jackals (D:1)
  A quokka (D:1)
  4 ball pythons
  6 frilled lizards
  2 rats
39 creatures vanquished.

Notes
Turn   | Place    | Note
-------+----------+-------------------------------------------
     0 | D:1      | selver the Minotaur Hunter began the quest for the Orb.
     0 | D:1      | Reached XP level 1. HP: 18/18 MP: 0/0
    92 | D:1      | Found a faded altar of an unknown god.
   189 | D:1      | Reached XP level 2. HP: 24/25 MP: 1/1
   233 | D:1      | Reached skill level 5 in Bows
   402 | D:1      | Found Qihirghu's Assorted Antiques.
   413 | D:1      | Bought a golden potion for 18 gold pieces
   503 | D:1      | Found Orrei's Magic Scroll Boutique.
   506 | D:1      | Bought a scroll of identify for 28 gold pieces
   748 | D:1      | Reached XP level 3. HP: 30/30 MP: 2/2
   939 | D:1      | Found a shimmering blue altar of Sif Muna.
  1787 | D:3      | Reached skill level 6 in Bows
  1805 | D:3      | HP: 1/30 [adder (2)]
  1806 | D:3      | Succumbed to an adder's poison

Illustrated notes

Levels and vault maps discovered:
D:1:      moated_graveyard_arrival, layout_basic, serial_shops, shop_fountains,
          nicolae_shop_behind_doors, basic_ecumenical_altar,
          kennysheep_flooded_box, wad_floor_pattern_untrapped
D:2:      layout_loops_cross
D:3:      layout_loops_ring

Skill      XL: |  1  2  3 |
---------------+----------+-----
Bows           | 5 6 |  6.1
Fighting       | |  2.4
Dodging        | |  2.1
Stealth        | |  0.7

Action                   || total
-------------------------++-------
Melee: Short sword       ||    40
       Headbutt          ||     6
       Punch             ||     1
 Fire: Shortbow          ||    60
  Use: Scroll            ||     3
       Potion            ||     2
Armor: Leather armour    ||    11
Dodge: Dodged            ||    31
